 Dungeon Crawl Stone Soup version 0.23-a0-391-g8c51ad5 (webtiles) character file.

205 Cryolive the Digger (level 5, -3/28 HPs)
             Began as a Gargoyle Earth Elementalist on Oct 30, 2018.
             Killed from afar by an orc wizard (4 damage)
             ... with a magic dart
             ... on level 3 of the Dungeon.
             The game lasted 00:05:22 (2484 turns).

Cryolive the Digger (Gargoyle Earth Elementalist)   Turns: 2484, Time: 00:05:23

Health: -3/28      AC:  7    Str: 11    XL:     5   Next: 83%
Magic:  9/10       EV: 12    Int: 17    God:
Gold:   78         SH:  0    Dex: 10    Spells: 3/11 levels left

rFire    . . .     SeeInvis .   e - +1 mace
rCold    . . .     Gourm    .   (no shield)
rNeg     + . .     Faith    .   c - +0 robe
rPois    ∞         Spirit   .   (no helmet)
rElec    +         Reflect  .   (no cloak)
rCorr    .         Harm     .   (no gloves)
MR       .....                  i - +0 pair of boots
Stlth    ++........             (no amulet)
HPRegen  0.09/turn              (no ring)
MPRegen  0.12/turn              (no ring)

@: no status effects
A: negative energy resistance 1, electricity resistance, unbreathing,
petrification resistance, rot immunity, AC +4
a: no special abilities


You were on level 3 of the Dungeon.
You were hungry.

You visited 1 branch of the dungeon, and saw 3 of its levels.

You collected 78 gold pieces.

Inventory:

Hand Weapons
 e - a +1 mace (weapon)
Missiles
 b - 105 stones (quivered)
Armour
 c - a +0 robe (worn)
 i - a +0 pair of boots (worn)
Scrolls
 g - a scroll of magic mapping
 h - a scroll of remove curse
 j - a scroll of identify
Potions
 a - a potion of might
 f - a potion of curing {unknown}
 k - 2 potions of cancellation {unknown}
Comestibles
 d - 2 rations
 l - 2 chunks of flesh


   Skills:
 - Level 1.5 Dodging
 - Level 2.1 Stealth
 + Level 3.5 Spellcasting
 + Level 2.7 Conjurations
 - Level 0.7 Transmutations
 + Level 5.4 Earth Magic


You had 3 spell levels left.
You knew the following spells:

 Your Spells              Type           Power        Failure   Level  Hunger
a - Sandblast             Erth           ###...       1%          1    None
b - Stone Arrow           Conj/Erth      ###...       9%          3    ###....
c - Petrify               Tmut/Erth      ##......     41%         4    ####...

Your spell library contained the following spells:

 Spells                   Type           Power        Failure   Level  Hunger
 Passwall                 Tmut/Erth      ##......     7%          2    ##.....
 Lee's Rapid Deconstruct  Erth           ###.......   43%         5    ######.


Dungeon Overview and Level Annotations

Branches:
Dungeon (3/15)

Altars:
Sif Muna
Wu Jian


Innate Abilities, Weirdness & Mutations

You are resistant to torment.
Your stone body is resilient. (AC +4)
You are immune to poison.
You resist negative energy. (rN+)
You are resistant to electric shocks. (rElec)
You can survive without breathing.
You are immune to petrification.
You are immune to rotting.


Message History

Sorry, you're not good enough to have a special ability.
Unknown command.
You completely miss something. Something barely misses you.
You hear some strange, mumbled words.
A magic dart appears from out of thin air!
The magic dart hits you!
* * * LOW HITPOINT WARNING * * *
You completely miss something.
You hear some strange, mumbled words.
A puff of flame appears from out of thin air!
The puff of flame misses you.
You bump into the rock wall.
You feel less confused.
You hear some strange, mumbled words.
A magic dart appears from out of thin air!
The magic dart hits you!
* * * LOW HITPOINT WARNING * * *
A magic dart appears from out of thin air!
The magic dart hits you!
You die...

.........###########.#
###...##o# #.# ......
#.# #.# ...... #.# #.#
###... #.###########.#
.... #.$...).o..{#.#
###...###########.#.#
<..........)...#.#
##..#.......@###.#
................#
####.#..#.....#####
..........#<#.#
#####......#.###
......<....#.########
........##.#........#
####.#..###########.#
....................#


There were no monsters in sight!

Vanquished Creatures
  An ogre (D:2)
  An orc priest (D:3)
  2 adders (D:2)
  An ooze (D:1)
  2 worms
  2 dart slugs
  3 leopard geckos
  An orc (D:3)
  A ball python (D:1)
  6 giant cockroaches
  10 hobgoblins
  A quokka (D:2)
  7 bats
  3 frilled lizards
  5 goblins
  6 kobolds
  5 rats
57 creatures vanquished.

Notes
Turn   | Place    | Note
-------+----------+-------------------------------------------
     0 | D:1      | Cryolive the Gargoyle Earth Elementalist began the quest
                  | for the Orb.
     0 | D:1      | Reached XP level 1. HP: 10/10 MP: 3/3
    62 | D:1      | Reached XP level 2. HP: 6/15 MP: 1/5
   264 | D:1      | Reached skill level 4 in Earth Magic
   874 | D:1      | Reached XP level 3. HP: 19/19 MP: 6/6
   879 | D:1      | Learned a level 3 spell: Stone Arrow
  1343 | D:2      | Found a deep blue altar of Sif Muna.
  1345 | D:2      | Found an ornate altar of the Wu Jian Council.
  1446 | D:2      | Reached skill level 1 in Conjurations
  1560 | D:2      | Noticed an ogre
  1573 | D:2      | Killed an ogre
  1573 | D:2      | Reached skill level 5 in Earth Magic
  1573 | D:2      | Reached XP level 4. HP: 8/24 MP: 2/8
  1573 | D:2      | Reached XP level 5. HP: 10/28 MP: 2/9
  1654 | D:2      | Learned a level 4 spell: Petrify
  2481 | D:3      | HP: 1/28 [something/magic dart (1)]
  2484 | D:3      | Killed from afar by an orc wizard

Vault maps used:
D:1:      doesnt_arrival_eight_statues, minmay_tetromino_t4
D:2:      mumra_celtic_spiral_tile, nicolae_overflow_hidden_temple
D:3:      first_ration, kennysheep_generic_room_11

Skill      XL: |  1  2  3 |
---------------+----------+-----
Earth Magic    | 4 5 |  5.4
Conjurations   | 2 |  2.7
Spellcasting   | 3 |  3.5
Dodging        | |  1.5
Stealth        | |  2.1
Transmutations | |  0.7

Action                   |  1- 3 |  4- 6 || total
-------------------------+-------+-------++-------
Melee: Mace              |   113 |    95 ||   208
 Cast: Sandblast         |    14 |     7 ||    21
  Use: Scroll            |       |     5 ||     5
 Stab: Sleeping          |     4 |     4 ||     8
  Eat: Chunk             |     2 |     3 ||     5
Armor: Robe              |    60 |    41 ||   101
Dodge: Dodged            |   112 |    62 ||   174

Table legend:
 A = Non-vault XP
 B = Vault XP
 C = Vault XP percentage of total XP
 D = Non-vault monster count
 E = Vault monster count
 F = Vault count percentage of total count
                 A         B        C        D         E       F
            +---------+---------+-------+---------+---------+-------
      Total |     286 |       7 |   2.4 |      54 |       3 |   5.3
            +---------+---------+-------+---------+---------+-------
        D:1 |      43 |       7 |  14.0 |      22 |       3 |  12.0
        D:2 |     189 |       0 |   0.0 |      27 |       0 |   0.0
        D:3 |      54 |       0 |   0.0 |       5 |       0 |   0.0
            +---------+---------+-------+---------+---------+-------
